 Dungeon Crawl Stone Soup version 0.27-a0-522-g46bbb28828 (webtiles) character file.

Game seed: 10986544813690584113

77 srzhan31 the Chiller (level 4, 0/31 HPs)
             Began as a Merfolk Ice Elementalist on Mar 4, 2021.
             Slain by a worm (8 damage)
             ... on level 2 of the Dungeon.
             The game lasted 00:07:14 (1408 turns).

srzhan31 the Chiller (Merfolk Ice Elementalist)     Turns: 1408, Time: 00:07:16

Health: 0/31       AC:  2    Str:  8    XL:     4   Next: 34%
Magic:  7/8        EV: 13    Int: 15    God:
Gold:   73         SH:  0    Dex: 14    Spells: 7/8 levels left

rFire    . . .     SeeInvis .   k - +2 whip (elec)
rCold    . . .     Faith    .   (no shield)
rNeg     . . .     Spirit   .   a - +0 robe
rPois    .         Reflect  .   (no helmet)
rElec    .         Harm     .   (no cloak)
rCorr    .         Rampage  .   (no gloves)
Will     .....                  (no boots)
Stlth    ++........             (no amulet)
HPRegen  0.10/turn              (no ring)
MPRegen  0.11/turn              (no ring)

@: no status effects
A: change form in water, amphibious, nimble swimmer 2
a: no special abilities


You were on level 2 of the Dungeon.
You visited 1 branch of the dungeon, and saw 2 of its levels.

You collected 73 gold pieces.

Inventory:

Hand Weapons
 k - a +2 whip of electrocution (weapon)
Missiles
 i - 11 stones
Armour
 a - a +0 robe (worn)
Scrolls
 c - a scroll of noise {unknown}
 e - a scroll of enchant weapon {unknown}
 f - a scroll of fog {unknown}
 j - a scroll of identify {unknown}
 l - 2 scrolls of magic mapping {unknown}
Potions
 b - 5 potions of heal wounds {unknown}
 d - a potion of might {unknown}
 g - a potion of magic {unknown}
 h - a potion of brilliance {unknown}
 m - a potion of curing {unknown}


   Skills:
 * Level 0.5 Fighting
 + Level 0.2 Maces & Flails
 * Level 0.8 Polearms
 * Level 2.9 Dodging
 * Level 2.4 Stealth
 * Level 2.6 Spellcasting
 * Level 5.4 Ice Magic


You had 7 spell levels left.
You knew the following spells:

 Your Spells              Type           Power        Failure   Level
a - Freeze                Ice            72%          2%          1

Your spell library contained the following spells:

 Spells                   Type           Power        Failure   Level
 Frozen Ramparts          Ice            36%          7%          3
 Ozocubu's Armour         Ice            18%          7%          3
 Hailstorm                Conj/Ice       10%          56%         4
 Summon Ice Beast         Ice/Summ       10%          56%         4


Dungeon Overview and Level Annotations

Branches:
Dungeon (2/15)

Altars:


Innate Abilities, Weirdness & Mutations

You revert to your normal form in water.
You are amphibious.
You are quick and stealthy while swimming. (Stealth+, EV+, Speed+++)


Message History

The worm bites you!
You hit the worm.
The worm is lightly wounded.
You hit the worm. Lightning courses through the worm!
The worm is almost dead.
The worm bites you.
You barely miss the worm.
The worm is almost dead.
The worm bites you but does no damage.
You hit the worm.
The worm is almost dead.
You hit the worm.
The worm is almost dead.
The worm bites you!
* * * LOW HITPOINT WARNING * * *
You whack the worm! Lightning courses through the worm!
You kill the worm!
You see here a worm corpse.
You open the door.
Found a stone staircase leading up.
There is an open door here.
Found a murky black potion.
A worm comes into view.
Aiming: Freeze (safe; 2% risk of failure)
Press: ? - help, Q - select action, (/) - cycle Shift-Dir - straight line, f - you
Okay, then.
There is an open door here.
You open the door.
There is an open door here.
You see here a murky black potion.
The worm bites you!
* * * LOW HITPOINT WARNING * * *
You barely miss the worm.
Aiming: Freeze (safe; 2% risk of failure)
Press: ? - help, Q - select action, (/) - cycle Shift-Dir - straight line, f - worm
Aim: a worm You freeze the worm.
The worm is moderately wounded.
The worm bites you!
You die...

#### ... ########.#
###### #........##
#....# #.........#
#....# #.......# #..†.#
#.!.....#
##....#######.......#
......'.........@...#
##....#######...w...#
#....w..# #.......#
#.......# #####'###
####....########.######
#.......w.........<#.
#.....#..............
#.....#.#####........
#.....#.# #######.#


You could see a worm.

Vanquished Creatures
  Jessica (D:2)
  A gnoll (D:1)
  An ooze (D:1)
  A worm (D:2)
  A dart slug (D:1)
  2 leopard geckos (D:1)
  2 giant cockroaches (D:1)
  5 goblins
  2 hobgoblins (D:1)
  A ball python (D:1)
  4 bats (D:1)
  2 frilled lizards (D:1)
  7 kobolds
  2 rats (D:2)
32 creatures vanquished.

Notes
Turn   | Place    | Note
-------+----------+-------------------------------------------
     0 | D:1      | srzhan31 the Merfolk Ice Elementalist began the quest for
                  | the Orb.
     0 | D:1      | Reached XP level 1. HP: 13/13 MP: 3/3
   190 | D:1      | Reached XP level 2. HP: 6/19 MP: 3/5
   304 | D:1      | Reached skill level 5 in Ice Magic
   432 | D:1      | Reached XP level 3. HP: 12/24 MP: 1/6
  1218 | D:2      | Noticed Jessica
  1227 | D:2      | Killed Jessica
  1228 | D:2      | Reached XP level 4. HP: 29/31 MP: 4/7
  1408 | D:2      | Slain by a worm

Illustrated notes

Levels and vault maps discovered:
D:1:      minmay_arrival_open_corners, layout_basic
D:2:      layout_basic, patterned_corridor, uniq_jessica

Skill      XL: |  1  2 |
---------------+-------+-----
Ice Magic      | 5 |  5.4
Fighting       | |  0.5
Maces & Flails | |  0.2
Polearms       | |  0.8
Dodging        | |  2.9
Stealth        | |  2.4
Spellcasting   | |  2.6

Action                   |  1- 3 |  4- 6 || total
-------------------------+-------+-------++-------
Melee: Unarmed           |    15 |       ||    15
       Whip              |    20 |     8 ||    28
 Cast: Freeze            |    40 |     1 ||    41
Armor: Robe              |     9 |     1 ||    10
Dodge: Dodged            |    39 |       ||    39

Table legend: (Time is in decaauts)
 A = Elapsed time spent in this place.
 B = Non-inter-level travel time spent in this place.
 C = Inter-level travel time spent in this place.
 D = Time resting spent in this place.
 E = Time spent auto-exploring this place.
 F = Levels seen in this place.
 G = Mean time per level.
                   A        B        C        D        E       F      G
               +--------+--------+--------+--------+--------+-----+--------+
         Total |   1410 |   1410 |      0 |      0 |      0 |   2 |  705.0 |
       Dungeon |   1410 |   1410 |      0 |      0 |      0 |   2 |  705.0 |
               +--------+--------+--------+--------+--------+-----+--------+

Top non-repeatable levels by time:
     D:1: 992 daAuts
     D:2: 417 daAuts
